 Dungeon Crawl Stone Soup version 0.20-a0-850-ge5a7832 (webtiles) character file.

232456 Laphicet the Unseen (level 18, 85/85 HPs)
             Began as a Felid Transmuter on Mar 7, 2017.
             Was the Champion of Dithmenos.
             Quit the game on level 1 of the Depths on Mar 10, 2017.
             The game lasted 04:08:40 (69626 turns).

Laphicet the Unseen (Felid Transmuter)             Turns: 69626, Time: 04:08:41

Health: 85/85      AC:  6    Str:  8    XL:     18   Next: 39%
Magic:  33/33      EV: 36    Int: 21    God:    Dithmenos [******]
Gold:   1276       SH:  2    Dex: 24    Spells: 5/45 levels left
                                        Lives:  0   Deaths: 6

rFire    . . .     SeeInvis +     - Unarmed
rCold    + . .     Gourm    .   (armour unavailable)
rNeg     . . .     Faith    .   (shield unavailable)
rPois    +         Spirit   .   (helmet unavailable)
rElec    .         Reflect  +   (cloak unavailable)
rCorr    .         Harm     .   (gloves unavailable)
MR       ++...                  (boots unavailable)
Stlth    ++++++++++             J - +2 amulet of reflection
Regen    0.3/turn               H - ring "Noxouved" {rPois Str+2 Dex+3}
MPRegen  0.3/turn               y - ring of Woukh {rPois AC+3}

@: wreathed by umbra, quick
A: no armour, no weapons or thrown items, stealth, claws 1, fangs 3, thin
skeletal structure 1, see invisible, carnivore 3, speed 1, low mp 1, shaggy fur
3, slow metabolism 1, wild magic 1, sharp paws
}: 2/15 runes: serpentine, barnacled
a: Shadow Step, Shadow Form, Renounce Religion


You were on level 1 of the Depths.
You worshipped Dithmenos.
Dithmenos was exalted by your worship.
You were not hungry.

You visited 8 branches of the dungeon, and saw 36 of its levels.
You also visited: Labyrinth, Ice Cave and Wizlab.

You collected 4333 gold pieces.
You spent 3057 gold pieces at shops.

Inventory:

Missiles
 a - 1139 arrows
Jewellery
 s - an uncursed ring of resist corrosion
 u - the ring of Devotion {rElec rC- MR++ MP+9 Stlth+}
   (You took it off a deep elf death mage on level 3 of the Elven Halls)

   [ring of magical power]

   It makes you vulnerable to cold.
   It insulates you from electricity.
   It affects your resistance to hostile enchantments.
   It affects your magic capacity (+9).
   It makes you more stealthy.
 y - the ring of Woukh (left paw) {rPois AC+3}
   (You bought it in a shop on level 2 of the Orcish Mines)

   [ring of protection]

   It affects your AC (+3).
   It protects you from poison.
 H - the ring "Noxouved" (right paw) {rPois Str+2 Dex+3}
   (You acquired it on level 12 of the Dungeon)

   [ring of strength]

   It affects your strength (+2).
   It affects your dexterity (+3).
   It protects you from poison.
 J - a +2 amulet of reflection (around neck)
 N - an uncursed ring of protection from cold
 R - an uncursed ring of positive energy
 X - the ring of Buil {+Fly rF+ MP+9 Stlth+}
   (You took it off a deep elf annihilator on level 3 of the Elven Halls)

   [ring of magical power]

   It protects you from fire.
   It affects your magic capacity (+9).
   It lets you fly.
   It makes you more stealthy.
Wands
 d - a wand of paralysis (8/24)
 n - a wand of lightning (2/15)
 r - a wand of digging (5/24)
 A - a wand of confusion (26/48)
 B - a wand of disintegration (7/24)
 C - a wand of polymorph (9/24)
 F - a wand of iceblast (6/15)
 P - a wand of digging (10/24)
 Q - a wand of paralysis (7/24)
 U - a wand of iceblast (9/15)
Scrolls
 e - 2 scrolls of teleportation
 g - 27 scrolls of remove curse
 k - 3 scrolls of magic mapping
 o - 4 scrolls of fog
 D - 2 scrolls of identify
 G - 5 scrolls of blinking
 O - 5 scrolls of recharging
 T - 2 scrolls of amnesia
 Y - a scroll of fear
 Z - a scroll of summoning
Potions
 b - a potion of might
 h - a potion of invisibility
 i - 2 potions of flight
 j - 14 potions of curing
 m - 2 potions of agility
 p - 3 potions of magic
 v - a potion of ambrosia
 w - a potion of heal wounds
 x - a potion of resistance
 z - 3 potions of cancellation
 E - 4 potions of brilliance
 M - 3 potions of lignification
 S - 4 potions of haste
Books
 f - a book of the Sky

   Spells                             Type                      Level
   a - Summon Lightning Spire         Summoning/Air                4
   b - Silence                        Hexes/Air                    5
   c - Deflect Missiles               Charms/Air                   6
   d - Conjure Ball Lightning         Conjuration/Air              6
   e - Tornado                        Air                          9
 t - the Compendium of the Birds and the Oath
   (You found it on level 1 of the Elven Halls)

   Spells                             Type                      Level
   a - Mephitic Cloud                 Conjuration/Poison/Air       3
   b - Fulminant Prism                Conjuration/Hexes            4
   c - Metabolic Englaciation         Hexes/Ice                    5
   d - Discord                        Hexes                        8
 I - the Tome of Warped Protection
   (You found it on level 3 of the Elven Halls)

   Spells                             Type                      Level
   a - Infusion                       Charms                       1
   b - Blink                          Translocation                2
   c - Teleport Other                 Translocation                3
   d - Malign Gateway                 Summoning/Translocation      7
 L - Sif Muna's Collected Works on Lucky Black Arts
   (You found it on level 3 of the Elven Halls)

   Spells                             Type                      Level
   a - Infusion                       Charms                       1
   b - Animate Skeleton               Necromancy                   1
   c - Corpse Rot                     Necromancy                   2
   d - Iskenderun's Battlesphere      Conjuration/Charms           5
   e - Dispel Undead                  Necromancy                   5
   f - Simulacrum                     Ice/Necromancy               6
 V - a Grand Grimoire

   Spells                             Type                      Level
   a - Monstrous Menagerie            Summoning                    7
   b - Summon Greater Demon           Summoning                    7
   c - Malign Gateway                 Summoning/Translocation      7
   d - Summon Horrible Things         Summoning                    8
Miscellaneous
 K - 4 boxes of beasts
 W - 2 sacks of spiders
Comestibles
 c - 17 meat rations


   Skills:
 + Level 13.2 Fighting
 + Level 16.9 Dodging
 + Level 17.5 Stealth
 + Level 13.6 Unarmed Combat
 + Level 14.2 Spellcasting
 - Level 9.2 Hexes
 - Level 15.7 Transmutations
 - Level 6.0 Ice Magic
 - Level 12.4 Earth Magic
 - Level 10.8 Invocations


You had 5 spell levels left.
You knew the following spells:

 Your Spells              Type           Power        Failure   Level  Hunger
b - Blink                 Tloc           N/A          12%         2    None
c - Confuse               Hex            ######..     1%          3    None
e - Ensorcelled Hibernat  Hex/Ice        ######       1%          2    None
i - Ice Form              Ice/Tmut       ######..     1%          4    None
l - Lesser Beckoning      Tloc           ###.......   21%         3    None
p - Spider Form           Tmut/Pois      ######....   1%          3    None
s - Statue Form           Tmut/Erth      #######..    3%          6    #####..
t - Tukima's Dance        Hex            ######..     1%          3    None
D - Deflect Missiles      Chrm/Air       ###.......   100%        6    #####..
I - Invisibility          Hex            ######..     24%         6    #####..
T - Sticks to Snakes      Tmut           #######.     1%          2    None


Dungeon Overview and Level Annotations

Branches:
Dungeon (15/15)            Temple (1/1) D:7            Lair (6/6) D:11
 Shoals (4/4) Lair:2        Snake (4/4) Lair:2        Slime (0/5) Lair:5
    Orc (2/2) D:11            Elf (3/3) Orc:2        Vaults (0/5) D:13
 Depths (1/5) D:15

Altars:
Ashenzari
Dithmenos
Gozag
Kikubaaqudgha
Nemelex Xobeh
Qazlal
Ru
Sif Muna
Uskayaw
Wu Jian
Xom
Zin
The Shining One
Beogh

Shops:
D:4 (   D:6 }   D:8 *   D:13 *   D:14 }   D:15 *   Orc:1 !   Orc:2 [(=*
Elf:2 =   Elf:3 *   Snake:2 !!

Portals:
Hell: Depths:1

Annotations:
D:2 1 runed door
D:10 exclusion: rakshasa
Lair:4 kidcy's ghost, journeyman DrMo
Elf:2 3 runed doors
Depths:1 exclusion: orange crystal statue


Innate Abilities, Weirdness & Mutations

You cannot wear armour.
You are incapable of wielding weapons or throwing items.
Your paws allow you to move quietly. (Stealth)
You have sharp claws.
You have razor-sharp teeth.
You have supernaturally acute eyesight. (SInv)
You are carnivorous and can eat meat at any time.
You cover ground quickly.
Your thick and shaggy fur keeps you warm. (AC +3, rC+)
You have a slow metabolism.
Your sharp claws are effective at attacking unaware monsters.
You have a somewhat thin skeletal structure. (Dex +2, Stealth)
Your magical capacity is low. (-10% MP)
Your spells are a little harder to cast, but a little more powerful.


Message History

Evoke which item? (* to show all) (? for menu, Esc to quit)
Aiming: Dig
Press: ? - help, Shift-Dir - straight line The rock shatters into small pieces.
This wand has 5 charges left.
The caustic shrike simulacrum completely misses you.
The stone giant throws a large rock.
The large rock hits you!!!
* * * LOW HITPOINT WARNING * * *
The caustic shrike simulacrum completely misses you.
The stone giant throws a large rock.
The large rock completely misses you.
A stone giant comes into view.
You see here a large rock.
The caustic shrike simulacrum claws you!
* * * LOW HITPOINT WARNING * * *
The caustic shrike simulacrum freezes you!
You resist.
You die...
You are now level 18!
You rejoin the land of the living...
Found a stone staircase leading down.
Are you sure you want to abandon this character and quit the game? (Confirm with "yes".)

..#............
.##....#..#.
..........
..#########
#......... .>#
##......... ..#
#.......... ..#
.......... .##
##......... .##
#.......... ..#
#..@....... .##
#..........
.###
###..>.....
....# #........
......
.........
.......
.........
.......
.........
...#...
..........
...#..#


There were no monsters in sight!

Vanquished Creatures
  A moon troll (WizLab)
  Asterion (Snake:1)
  A deep elf blademaster (Elf:3)
  2 quicksilver dragons (WizLab)
  2 deep elf master archers (Elf:3)
  Polyphemus (Shoals:3)
  3 tentacled starspawn (WizLab)
  Donald (Snake:1)
  Ilsuiw (Shoals:4)
  13 nagarajas
  A frost giant (IceCv)
  2 deep elf sorcerers (Elf:3)
  5 very ugly things
  A war gargoyle (WizLab)
  7 deep elf elementalists
  4 stone giants
  3 deep elf annihilators (Elf:3)
  7 deep elf demonologists
  7 merfolk javelineers (Shoals:4)
  Snorg (D:14)
  3 ettins
  6 deep elf death magi
  A minotaur (Lab)
  3 great orbs of eyes
  9 merfolk impalers
  A fire dragon (Lair:6)
  3 deep elf high priests
  11 hydras
  Harold (Lair:1)
  4 merfolk avatars
  A catoblepas (Shoals:3)
  15 naga warriors
  5 merfolk aquamancers
  24 anacondas
  3 satyrs
  18 dancing weapons
  10 two-headed ogres
  3 centaur warriors
  An alligator snapping turtle (Shoals:4)
  2 ogre magi
  6 death yaks
  11 naga sharpshooters
  2 orc high priests
  11 deep elf knights
  7 shock serpents
  4 salamander mystics
  2 unseen horrors
  An unseen horror (shapeshifter) (Elf:1)
  21 sea snakes
  An orange crystal statue (WizLab)
  10 deep elf archers
  8 naga ritualists
  2 lindwurms (Lair:6)
  A wizard (D:14)
  2 glowing orange brains (WizLab)
  3 orc knights (Orc:2)
  28 harpies
  A wolf spider zombie (D:15)
  45 deep elf magi
  13 mana vipers
  A cyclops (shapeshifter) (D:15)
  13 ugly things
  3 orc sorcerers
  5 elephants
  3 cyclopes
  12 manticores
  15 salamanders
  19 fauns
  Maurice (Orc:1)
  5 centaur zombies
  3 molten gargoyles (Lair:6)
  Psyche (D:10)
  An ice statue (IceCv)
  7 water nymphs
  50 black mambas
  23 naga magi
  17 merfolk sirens
  4 eyes of devastation (WizLab)
  An eye of devastation (shapeshifter) (Elf:3)
  4 centaur skeletons
  2 gargoyles
  13 guardian serpents
  11 spiny frogs
  4 yaktaurs
  3 rime drakes
  4 kobold demonologists
  An efreet (D:15)
  15 komodo dragons
  3 demonic crawlers (Elf:1)
  19 polar bears
  37 merfolk
  9 trolls
  10 wind drakes
  12 slime creatures
  17 hippogriffs
  21 blink frogs
  8 snapping turtles
  2 air elementals (Elf:1)
  A tarantella (shapeshifter) (D:15)
  2 vampires
  A shadow (D:14)
  A wraith (D:14)
  7 wyverns
  8 redbacks (Snake:4)
  20 water elementals
  4 hogs (D:7)
  A human (D:7)
  54 yaks
  4 basilisks (Lair:6)
  A neqoxec (WizLab)
  2 steam dragons (Lair:6)
  7 golden eyes (WizLab)
  A hungry ghost (D:13)
  13 vampire mosquitoes
  57 nagas
  5 wargs
  A soldier ant (D:14)
  An acid dragon (D:14)
  13 water moccasins
  5 hell hounds (Lair:6)
  6 porcupines
  30 orc warriors
  6 sky beasts
  2 ice beasts
  2 black bears
  2 necrophages (D:10)
  9 boggarts
  An eye of draining (D:9)
  15 wolves
  2 phantoms
  7 centaurs
  20 ogres
  14 crocodiles
  4 big kobolds
  A gnoll sergeant (Orc:2)
  15 bullfrogs
  2 earth elementals
  2 scorpions
  2 wyvern zombies (D:14)
  20 killer bees
  23 wights
  9 electric eels
  A howler monkey (D:4)
  5 lava snakes (Lair:6)
  6 crimson imps
  2 bullfrog zombies
  8 hounds
  5 jellies
  9 starcursed masses (WizLab)
  3 wyvern simulacra (D:9)
  28 orc wizards
  19 orc priests
  4 bullfrog skeletons
  Ijyb (D:2)
  Jessica (D:2)
  3 iguanas
  9 worker ants
  2 hound zombies
  A killer bee simulacrum (D:9)
  A howler monkey zombie (D:10)
  4 worker ant zombies
  9 gnolls
  A howler monkey skeleton (D:7)
  7 adders
  2 shadow imps
  5 white imps (D:9)
  2 ufetubi (D:9)
  2 oozes
  2 adder zombies (D:10)
  An adder skeleton (D:10)
  2 worms
  3 dart slugs
  An adder simulacrum (D:9)
  6 leopard geckos
  107 orcs
  3 ball pythons
  3 giant cockroaches
  8 goblins
  8 hobgoblins
  14 jackals
  17 kobolds
  7 quokkas
  7 bats
  2 frilled lizards
  A leopard gecko zombie (D:6)
  A quokka skeleton (D:5)
  9 rats
  A fungus (Lair:6)
  A plant (Shoals:4)
  2 starspawn tentacles (WizLab)
1495 creatures vanquished.

Vanquished Creatures (collateral kills)
  Rupert (Lair:6)
  A merfolk impaler (Shoals:2)
  A naga warrior (Snake:4)
  A two-headed ogre (D:12)
  2 deep elf archers (Elf:3)
  A manticore (Shoals:4)
  A salamander (Snake:4)
  2 nagas (Snake:4)
  3 ogres
  3 phantoms (D:5)
  A scorpion (D:6)
  A crimson imp (D:5)
  An orc priest (Orc:2)
  A worker ant (D:4)
  A gnoll (D:6)
  A worm (D:3)
  7 orcs
29 creatures vanquished.

Vanquished Creatures (others)
  A merfolk siren (Shoals:3)
  2 polar bears (IceCv)
  2 yaks (IceCv)
  12 dancing weapons
  2 wolves (IceCv)
  10 fungi
  46 plants
  A starspawn tentacle (WizLab)
76 creatures vanquished.

Grand Total: 1600 creatures vanquished

Notes
Turn   | Place    | Note
-------+----------+-------------------------------------------
     0 | D:1      | Laphicet the Felid Transmuter began the quest for the Orb.
     0 | D:1      | Reached XP level 1. HP: 9/9 MP: 4/4
   345 | D:1      | Reached XP level 2. HP: 12/12 MP: 6/6
   945 | D:1      | Reached skill level 1 in Stealth
  1315 | D:2      | Reached XP level 3. HP: 9/15 MP: 7/7
  1507 | D:2      | Learned a level 2 spell: Sticks to Snakes
  1511 | D:2      | Learned a level 3 spell: Spider Form
  1515 | D:2      | Noticed Ijyb
  1749 | D:2      | Killed Ijyb
  1943 | D:2      | Noticed Jessica
  2367 | D:1      | Reached XP level 4. HP: 16/19 MP: 8/8
  2426 | D:2      | Reached skill level 2 in Stealth
  2433 | D:2      | Killed Jessica
  2946 | D:2      | Found a runed door.
  3543 | D:3      | Reached XP level 5. HP: 6/22 MP: 9/9
  4034 | D:3      | Reached skill level 3 in Stealth
  4418 | D:3      | Noticed an ogre
  4603 | D:3      | Killed an ogre
  4623 | D:3      | Gained mutation: You are covered in thick fur. (AC +2) [Felid growth]
  4623 | D:3      | Reached XP level 6. HP: 18/27 MP: 3/11
  5639 | D:3      | Learned a level 4 spell: Ice Form
  6046 | D:4      | Found a shimmering altar of Xom.
  6076 | D:4      | Found a shimmering altar of Xom.
  6080 | D:4      | Found a shimmering altar of Xom.
  6913 | D:4      | Reached skill level 4 in Stealth
  6913 | D:4      | Reached XP level 7. HP: 16/31 MP: 5/12
  7339 | D:4      | Found Vaqa's Antique Weapon Shop.
  7400 | D:3      | Learned a level 2 spell: Ensorcelled Hibernation
  7842 | D:4      | Reached skill level 1 in Hexes
  8295 | D:4      | Reached skill level 1 in Ice Magic
  8360 | D:5      | Entered Level 5 of the Dungeon
  8590 | D:5      | Found a shadowy altar of Dithmenos.
  8662 | D:5      | Became a worshipper of Dithmenos the Shadowed
  8929 | D:5      | HP: 1/31 [phantom (5)]
  9545 | D:5      | Reached skill level 5 in Hexes
  9867 | D:5      | Reached XP level 8. HP: 34/34 MP: 6/14
 10315 | D:5      | Found an opulent altar of Gozag.
 10682 | D:6      | Reached skill level 5 in Dodging
 10703 | D:6      | Killed from afar by an orc priest
 10704 | D:6      | Reached XP level 7. HP: -5/31 MP: 7/13
 10775 | D:6      | Found a shattered altar of Ashenzari.
 10775 | D:6      | Found an ancient bone altar of Kikubaaqudgha.
 11378 | D:6      | Found Cuqeh's Gadget Shop.
 11384 | D:6      | Bought a wand of paralysis (11/24) for 182 gold pieces
 11686 | D:6      | Reached * piety under Dithmenos
 12199 | D:7      | Found a staircase to the Ecumenical Temple.
 12222 | D:7      | Found a flagged portal.
 12296 | Temple   | Entered the Ecumenical Temple
 12679 | D:7      | Noticed a hippogriff
 12681 | D:7      | Reached XP level 8. HP: 36/36 MP: 9/14
 12728 | D:7      | Killed a hippogriff
 12728 | D:7      | Reached skill level 5 in Stealth
 12746 | D:7      | Reached skill level 5 in Transmutations
 12998 | D:7      | Reached skill level 5 in Unarmed Combat
 13075 | D:7      | Reached skill level 6 in Stealth
 13075 | D:7      | Reached XP level 9. HP: 25/39 MP: 8/16
 13443 | D:7      | Learned a level 3 spell: Confuse
 13741 | D:8      | Found a stormy altar of Qazlal.
 14047 | D:8      | Found a shimmering altar of Xom.
 14065 | D:8      | Found a glowing silver altar of Zin.
 14149 | D:7      | Reached skill level 5 in Fighting
 14502 | D:8      | Reached skill level 5 in Spellcasting
 14515 | D:8      | Found Docion's General Store.
 14527 | D:8      | Bought a scroll of teleportation for 39 gold pieces
 14607 | D:8      | Reached ** piety under Dithmenos
 14736 | D:8      | Reached skill level 7 in Stealth
 14972 | D:9      | Noticed a polar bear
 15416 | D:9      | Reached skill level 5 in Ice Magic
 16160 | D:8      | Reached XP level 10. HP: 25/44 MP: 16/19
 16434 | D:9      | Gained mutation: You are clumsy. (Dex -2) [mutagenic meat]
 16435 | D:9      | Gained mutation: You occasionally shout uncontrollably at your foes. [mutagenic meat]
 16436 | D:9      | Gained mutation: Your magical capacity is low. (-10% MP) [mutagenic meat]
 16437 | D:9      | Gained mutation: Your mind is acute. (Int +2) [mutagenic meat]
 16550 | D:9      | Found a glowing golden altar of the Shining One.
 17304 | D:9      | Reached *** piety under Dithmenos
 17472 | D:9      | Noticed a two-headed ogre
 19121 | D:9      | Killed a two-headed ogre
 19121 | D:9      | Reached skill level 8 in Stealth
 19228 | D:9      | Found an opulent altar of Gozag.
 19384 | D:9      | Found a glowing silver altar of Zin.
 19389 | D:9      | Found a deep blue altar of Sif Muna.
 19415 | D:10     | Entered Level 10 of the Dungeon
 19421 | D:10     | Upgraded the game from 0.20-a0-833-gc632bec to 0.20-a0-839-gdaf5c57
 19732 | D:10     | Lost mutation: Your magical capacity is low. (-10% MP) [potion of mutation]
 19732 | D:10     | Lost mutation: You occasionally shout uncontrollably at your foes. [potion of mutation]
 19732 | D:10     | Lost mutation: You are clumsy. (Dex -2) [potion of mutation]
 19732 | D:10     | Lost mutation: Your mind is acute. (Int +2) [potion of mutation]
 19732 | D:10     | Gained mutation: Your magical capacity is low. (-10% MP) [potion of mutation]
 19732 | D:10     | Gained mutation: You can translocate small distances at will. [potion of mutation]
 19732 | D:10     | Gained mutation: You are somewhat resistant to further mutation. [potion of mutation]
 19769 | D:10     | Noticed Psyche
 19772 | D:10     | Killed Psyche
 19920 | D:10     | Noticed a rakshasa
 20381 | D:10     | Reached XP level 11. HP: 33/49 MP: 12/19
 20701 | D:9      | Noticed a two-headed ogre
 20711 | D:9      | Killed a two-headed ogre
 20711 | D:9      | Reached skill level 9 in Stealth
 20776 | D:10     | Reached **** piety under Dithmenos
 20832 | D:10     | Learned a level 3 spell: Tukima's Dance
 21134 | D:10     | HP: 2/49 [wyvern (17)]
 22158 | D:11     | Found a staircase to the Orcish Mines.
 22228 | D:11     | Noticed a white ugly thing
 22580 | D:11     | Found a sacrificial altar of Ru.
 22659 | D:11     | Identified a scroll of acquirement
 23102 | D:11     | Found a staircase to the Lair.
 23130 | D:11     | Killed a white ugly thing
 23463 | Lair:1   | Entered Level 1 of the Lair of Beasts
 23467 | Lair:1   | Noticed Harold
 23713 | Lair:1   | Killed Harold
 24435 | Lair:1   | Reached skill level 10 in Stealth
 24592 | Lair:1   | Reached skill level 10 in Dodging
 25231 | Lair:2   | Gained mutation: Your thick and shaggy fur keeps you warm. (AC +3, rC+) [Felid growth]
 25231 | Lair:2   | Reached XP level 12. HP: 55/55 MP: 16/21
 25239 | Lair:2   | Reached ***** piety under Dithmenos
 25404 | Lair:2   | Found a staircase to the Snake Pit.
 25686 | Lair:2   | Found a staircase to the Shoals.
 25905 | Lair:3   | Noticed a four-headed hydra
 25912 | Lair:3   | Killed a four-headed hydra
 26059 | Lair:3   | Lost mutation: You are somewhat resistant to further mutation. [potion of mutation]
 26059 | Lair:3   | Lost mutation: You can translocate small distances at will. [potion of mutation]
 26059 | Lair:3   | Lost mutation: Your magical capacity is low. (-10% MP) [potion of mutation]
 26059 | Lair:3   | Gained mutation: Your magical capacity is low. (-10% MP) [potion of mutation]
 26059 | Lair:3   | Gained mutation: You are agile. (Dex +2) [potion of mutation]
 26059 | Lair:3   | Gained mutation: Your muscles are strong. (Str +2) [potion of mutation]
 26059 | Lair:3   | Gained mutation: You have a pair of small antennae on your head. [potion of mutation]
 26672 | Lair:4   | Noticed Rupert
 26675 | Lair:4   | Paralysed by Rupert for 3 turns
 26679 | Lair:4   | Slain by Rupert
 26680 | Lair:4   | Reached XP level 11. HP: -1/52 MP: 21/21
 26697 | Lair:4   | Noticed a seven-headed hydra
 26698 | Lair:4   | Noticed kidcy's ghost (journeyman DrMo)
 26718 | Lair:4   | Killed a seven-headed hydra
 26725 | Lair:4   | Killed from afar by kidcy's ghost
 26726 | Lair:4   | Reached XP level 10. HP: -7/49 MP: 20/20
 26780 | Lair:4   | Noticed a black mamba
 26783 | Lair:4   | Noticed a spiny frog
 26877 | Lair:4   | Reached skill level 11 in Stealth
 26937 | Lair:4   | Reached XP level 11. HP: 49/52 MP: 14/21
 28567 | Lair:5   | Found a staircase to the Slime Pits.
 28580 | Lair:5   | Noticed a four-headed hydra
 28619 | Lair:5   | Killed a four-headed hydra
 28751 | Lair:5   | Noticed a five-headed hydra
 28758 | Lair:5   | Killed a five-headed hydra
 29342 | Lair:6   | Entered Level 6 of the Lair of Beasts
 29347 | Lair:6   | Found a labyrinth entrance.
 29347 | Lair:6   | Noticed a seven-headed hydra
 29355 | Lab      | Entered a labyrinth
 29679 | Lab      | Noticed a minotaur
 29688 | Lab      | Killed a minotaur
 29688 | Lab      | Reached skill level 12 in Stealth
 29688 | Lab      | Reached XP level 12. HP: 40/57 MP: 23/23
 29710 | Lair:6   | Paralysed by Rupert for 2 turns
 29720 | Lair:6   | Noticed a five-headed hydra
 29931 | Lair:5   | Learned a level 6 spell: Statue Form
 30069 | Lair:6   | Killed a seven-headed hydra
 30069 | Lair:6   | Reached skill level 1 in Earth Magic
 30565 | Lair:6   | Killed a five-headed hydra
 31102 | Lair:6   | Killed Rupert
 31233 | Lair:6   | Found a large runed door.
 31233 | Lair:6   | Noticed a fire dragon
 31273 | Lair:6   | Noticed a six-headed hydra
 31703 | Lair:6   | Killed a six-headed hydra
 31918 | Lair:6   | Noticed a four-headed hydra
 31970 | Lair:6   | Killed a four-headed hydra
 32361 | Lair:6   | Reached XP level 13. HP: 60/60 MP: 21/24
 32432 | Lair:6   | Reached ****** piety under Dithmenos
 32432 | Lair:6   | Reached skill level 5 in Earth Magic
 32547 | Lair:6   | Found a large runed door.
 33414 | Lair:6   | Killed a fire dragon
 33414 | Lair:6   | Reached skill level 10 in Transmutations
 34125 | Orc:1    | Entered Level 1 of the Orcish Mines
 34270 | Orc:1    | Noticed Maurice
 34277 | Orc:1    | Killed Maurice
 34442 | Orc:1    | Noticed a stone giant
 34449 | Orc:1    | Killed a stone giant
 34508 | Orc:2    | Entered Level 2 of the Orcish Mines
 34546 | Orc:2    | Found a frozen archway.
 34561 | IceCv    | Entered an ice cave
 35070 | IceCv    | HP: 2/60 [something (12)]
 35656 | IceCv    | Engulfed by a cloud of freezing vapour
 35657 | IceCv    | Reached XP level 12. HP: -24/74 MP: 21/24
 36478 | IceCv    | Noticed a death yak
 36610 | IceCv    | Killed a death yak
 36650 | IceCv    | Reached skill level 10 in Spellcasting
 36728 | IceCv    | Noticed a frost giant
 36728 | IceCv    | Noticed a death yak
 36796 | IceCv    | Reached XP level 13. HP: 60/60 MP: 25/25
 36855 | IceCv    | Killed a frost giant
 37440 | Orc:2    | Upgraded the game from 0.20-a0-839-gdaf5c57 to 0.20-a0-848-g73d9be0
 37540 | Orc:2    | Found a roughly hewn altar of Beogh.
 37541 | Orc:2    | Found Rabid's Jewellery Boutique.
 37590 | Orc:2    | Bought the ring of Woukh {rPois AC+3} for 386 gold pieces
 37637 | Orc:2    | Found a roughly hewn altar of Beogh.
 37747 | Orc:2    | Noticed an orc warlord
 38322 | Orc:2    | Found a roughly hewn altar of Beogh.
 38410 | Orc:2    | Found a roughly hewn altar of Beogh.
 38560 | Orc:2    | Found a roughly hewn altar of Beogh.
 38625 | Orc:2    | Found a staircase to the Elven Halls.
 38670 | Orc:2    | Found a roughly hewn altar of Beogh.
 38670 | Orc:2    | Found Pyheugax's General Store.
 38684 | Orc:2    | Bought a potion of berserk rage for 75 gold pieces
 38684 | Orc:2    | Bought a potion of curing for 45 gold pieces
 38684 | Orc:2    | Bought a wand of digging (7/24) for 330 gold pieces
 38806 | Orc:2    | Found Raash's Antique Armour Boutique.
 38807 | Orc:2    | Found a roughly hewn altar of Beogh.
 39059 | Orc:2    | Found Zyneciosm's Antique Weapon Shop.
 39249 | Orc:1    | Found Masygg's Distillery.
 39259 | Orc:1    | Bought a potion of curing for 36 gold pieces
 39259 | Orc:1    | Bought a potion of agility for 48 gold pieces
 39259 | Orc:1    | Bought a potion of might for 48 gold pieces
 39259 | Orc:1    | Bought a potion of resistance for 120 gold pieces
 39259 | Orc:1    | Bought a potion of heal wounds for 60 gold pieces
 39259 | Orc:1    | Bought a potion of agility for 48 gold pieces
 39259 | Orc:1    | Bought a potion of cancellation for 96 gold pieces
 39328 | Orc:1    | Found a deep blue altar of Sif Muna.
 39562 | D:12     | Got a pitted lead ring
 39564 | D:12     | Identified the ring "Noxouved" {rPois Str+2 Dex+3} (You acquired it on level 12 of the Dungeon)
 40387 | D:13     | Found Maculeh's Assorted Antiques.
 40392 | D:13     | Bought a potion of heal wounds for 125 gold pieces
 40392 | D:13     | Bought a potion of curing for 75 gold pieces
 40392 | D:13     | Bought a scroll of blinking for 187 gold pieces
 40392 | D:13     | Bought a potion of agility for 100 gold pieces
 40392 | D:13     | Bought a potion of might for 100 gold pieces
 40392 | D:13     | Bought a scroll of identify for 50 gold pieces
 40682 | D:13     | Reached XP level 14. HP: 64/64 MP: 21/26
 40693 | D:13     | Found a gate to the Vaults.
 41093 | D:14     | Noticed Snorg
 41105 | D:14     | Killed Snorg
 41308 | D:14     | Found Ylegaeme's Gadget Shop.
 42058 | D:15     | Entered Level 15 of the Dungeon
 42201 | D:15     | Reached skill level 10 in Earth Magic
 42790 | D:15     | Found a staircase to the Depths.
 42830 | D:15     | Found Qossodit's Assorted Antiques.
 42838 | D:15     | Bought a potion of lignification for 105 gold pieces
 43112 | D:15     | Found a sacrificial altar of Ru.
 43452 | Snake:1  | Entered Level 1 of the Snake Pit
 43489 | Snake:1  | Noticed Asterion
 43497 | Snake:1  | Noticed a cacodemon
 43502 | Snake:1  | Killed Asterion
 43706 | Snake:1  | Reached XP level 15. HP: 62/67 MP: 12/28
 44409 | Snake:1  | Noticed Donald
 44420 | Snake:1  | Killed Donald
 44703 | Snake:2  | Found Gokif's Distillery.
 44811 | Snake:2  | Bought a potion of heal wounds for 70 gold pieces
 44811 | Snake:2  | Bought a potion of heal wounds for 70 gold pieces
 44811 | Snake:2  | Bought 2 potions of curing for 84 gold pieces
 44811 | Snake:2  | Bought a potion of curing for 42 gold pieces
 44811 | Snake:2  | Bought a potion of curing for 42 gold pieces
 44811 | Snake:2  | Bought a potion of curing for 42 gold pieces
 44811 | Snake:2  | Bought a potion of haste for 140 gold pieces
 45294 | Snake:2  | Noticed a nagaraja
 45311 | Snake:2  | Killed a nagaraja
 45311 | Snake:2  | Reached skill level 10 in Unarmed Combat
 46052 | Snake:2  | Found Nidghiwk's Distillery.
 46546 | Snake:3  | Reached skill level 1 in Invocations
 46951 | Snake:4  | Entered Level 4 of the Snake Pit
 46973 | Snake:4  | Reached skill level 5 in Invocations
 47232 | Snake:4  | Reached XP level 16. HP: 71/73 MP: 25/29
 49437 | Snake:4  | Reached skill level 10 in Invocations
 49856 | Snake:4  | Reached skill level 13 in Stealth
 50256 | Snake:4  | Reached skill level 10 in Fighting
 51163 | Snake:4  | Reached XP level 17. HP: 76/76 MP: 23/30
 52448 | Snake:4  | Reached skill level 14 in Stealth
 52766 | Snake:4  | Got a serpentine rune of Zot
 53164 | Shoals:1 | Entered Level 1 of the Shoals
 53455 | Orc:1    | Identified Sif Muna's Handbook of Malediction
 56370 | Shoals:3 | Reached skill level 15 in Stealth
 56472 | Shoals:3 | Reached XP level 18. HP: 82/82 MP: 26/32
 56546 | Shoals:3 | Noticed Polyphemus
 56567 | Shoals:3 | Killed Polyphemus
 57612 | Shoals:4 | Entered Level 4 of the Shoals
 58183 | Shoals:4 | Reached skill level 15 in Dodging
 58772 | Shoals:4 | Found a runed door.
 58877 | Shoals:4 | Got a barnacled rune of Zot
 59007 | Shoals:4 | Noticed Ilsuiw
 59045 | Shoals:4 | Killed Ilsuiw
 59121 | Shoals:4 | Reached skill level 16 in Stealth
 59426 | Shoals:4 | Got a pitted granite ring
 59432 | Shoals:4 | Identified the ring "Puf Byug" {*Tele Int+4 SInv} (You took it off a merfolk on level 4 of the Shoals)
 60636 | Lair:1   | Learned a level 6 spell: Invisibility
 60640 | Lair:1   | Learned a level 3 spell: Lesser Beckoning
 60695 | Elf:1    | Entered Level 1 of the Elven Halls
 60788 | Elf:1    | Found a magical portal.
 60833 | WizLab   | Entered Lehudib's Moon Base
 61219 | WizLab   | Reached XP level 19. HP: 88/88 MP: 32/33
 61266 | WizLab   | Lost mutation: You are agile. (Dex +2) [a neqoxec]
 62574 | Elf:1    | Identified the Compendium of the Birds and the Oath
 62654 | Elf:1    | Reached skill level 17 in Stealth
 63077 | Elf:2    | Found a runed gate.
 63122 | Elf:2    | Found a runed gate.
 63122 | Elf:2    | Found a runed gate.
 63544 | Elf:2    | Found Esutaqyt's Jewellery Shop.
 63569 | Elf:2    | Bought a cursed amulet of inaccuracy for 32 gold pieces
 63569 | Elf:2    | Bought a cursed ring of teleportation for 72 gold pieces
 63569 | Elf:2    | Bought a cursed -2 ring of strength for 32 gold pieces
 63868 | Elf:3    | Entered Level 3 of the Elven Halls
 64153 | Elf:3    | Lost mutation: Your magical capacity is low. (-10% MP) [potion of mutation]
 64153 | Elf:3    | Lost mutation: You have a pair of small antennae on your head. [potion of mutation]
 64153 | Elf:3    | Lost mutation: Your muscles are strong. (Str +2) [potion of mutation]
 64153 | Elf:3    | Gained mutation: Your spells are a little harder to cast, but a little more powerful. [potion of mutation]
 64153 | Elf:3    | Gained mutation: Your magical capacity is low. (-10% MP) [potion of mutation]
 64153 | Elf:3    | Gained mutation: You have a somewhat thin skeletal structure. (Dex +2, Stealth) [potion of mutation]
 64355 | Elf:3    | Found Ykhac's General Store.
 64365 | Elf:3    | Bought a potion of curing for 48 gold pieces
 64365 | Elf:3    | Bought a potion of curing for 48 gold pieces
 64365 | Elf:3    | Bought a scroll of teleportation for 48 gold pieces
 64365 | Elf:3    | Bought a scroll of identify for 32 gold pieces
 64617 | Elf:3    | Upgraded the game from 0.20-a0-848-g73d9be0 to 0.20-a0-850-ge5a7832
 65405 | Elf:3    | Noticed a Tzitzimitl
 65945 | Elf:3    | Noticed a Tzitzimitl
 66165 | Elf:3    | Reached skill level 15 in Transmutations
 66790 | Elf:3    | Identified Sif Muna's Collected Works on Lucky Black Arts
 66815 | Elf:3    | Identified the Tome of Warped Protection
 66823 | Elf:3    | Learned a level 2 spell: Blink
 66830 | Elf:3    | Learned a level 6 spell: Deflect Missiles
 67359 | Elf:3    | Reached XP level 20. HP: 93/93 MP: 31/35
 67424 | Elf:3    | Killed from afar by a ghostly deep elf death mage
 67425 | Elf:3    | Reached XP level 19. HP: -16/89 MP: 28/34
 67655 | Elf:3    | Got a glittering steel ring
 67855 | Elf:3    | Identified the ring of Devotion {rElec rC- MR++ MP+9 Stlth+} (You took it off a deep elf death mage on level 3 of the Elven Halls)
 67874 | Elf:3    | Got a faintly glowing marble ring
 67900 | Elf:3    | Identified the ring of Buil {+Fly rF+ MP+9 Stlth+} (You took it off a deep elf annihilator on level 3 of the Elven Halls)
 68481 | Depths:1 | Entered Level 1 of the Depths
 69248 | Depths:1 | Found a gateway to Hell.
 69625 | Depths:1 | Slain by a caustic shrike simulacrum
 69626 | Depths:1 | Reached XP level 18. HP: -5/85 MP: 33/33
 69626 | Depths:1 | Quit the game

Vault maps used:
D:1:      elethiomel_arrival_maze, minivault_26
D:2:      uniq_crazy_yiuf_cottage, uniq_iyjb, uniq_jessica
D:3:      hangedman_decor_push, st_stairs_12, serial_bayou_pond_b
D:4:      serial_shops, nicolae_shop_waterfront, first_bread, xom_redecorated
D:5:      nicolae_overflow_hidden_temple, grunt_dithmenos_shadows,
          serial_bayou_pond_e
D:6:      gammafunk_temple_overflow_pools, serial_shops, nicolae_shop_crystal
D:7:      minmay_temple_entry_butterflies, enter_bailey_2, grunt_livestock
D:8:      nicolae_overflow_crystal_walls, lemuel_round_altar, basic_altar,
          serial_shops, kennysheep_mini, hangedman_decor_diamond_cutter,
          st_stairs_8
D:9:      minitemple, serial_ice, serial_ice_n, serial_ice_b, serial_ice_k,
          serial_ice_c, serial_ice_d, serial_ice_h, serial_ice_f, serial_ice_m,
          serial_ice_a, serial_ice_e,
          nicolae_gozag_cash_rules_everything_around_me
D:10:     serial_undead, serial_undead_f, serial_undead_a, serial_undead_a,
          serial_undead_e, minmay_the_grid_3x2, uniq_psyche
D:11:     lair_entry_dummy, erik_orc_4, basic_altar
D:13:     erik_vaults_1, serial_shops, shop
D:14:     serial_shops, shop, fungi_pond_lemuel, uniq_snorg
D:15:     gammafunk_enter_depths_forms, serial_bayou_pond_d, serial_shops,
          nicolae_shop_overgrown_old_shop, nicolae_ru_the_path_less_chosen
Temple:   cyrus_circular_temple
Lair:1:   grunt_megastairs_5, infiniplex_staircase_pool_2, uniq_harold
Lair:2:   elwin_shoals_entry_rooms, guppyfry_snake_entry_island,
          infiniplex_staircase_pool
Lair:3:   grunt_megastairs_2
Lair:4:   grunt_megastairs_4, uniq_rupert
Lair:5:   nicolae_slime_entry_slimehenge, disabler_island
Lair:6:   cheibrodos_lair_end_hotspot, lab_entry_generic, lemuel_fruit_tree
Shoals:3: uniq_polyphemus
Shoals:4: shoals_end_simple, shoals_ilsuiw_ice, lightli_airlock
Snake:1:  serial_bayou_shore_a, uniq_donald, uniq_asterion
Snake:2:  serial_shops, nicolae_shop_crystal, shop_statue, nrook_loot_triangle,
          abandoned_shop
Snake:4:  grunt_snake_rune_serpentine_throne, spider_trap
Orc:1:    serial_shops, shop, led_sif_book, uniq_maurice
Orc:2:    grunt_orc_community_town_hall, grunt_orc_community_big_house_1,
          grunt_orc_community_big_house_1, grunt_orc_community_house_3,
          grunt_orc_community_house_1, grunt_orc_community_house_1,
          grunt_orc_community_house_2, portal_ice_cave_rime
Elf:1:    elf_arrival_001, mu_enter_wizlab_1, kennysheep_underground_church,
          st_stairs_9, einodemon_crawler_minivault
Elf:2:    serial_shops, shop
Elf:3:    grunt_elf_hall_spiral, serial_shops, shop_statue,
          hangedman_glass_teeth
Depths:1: hell_entry, serial_sigils_hangedman_clutch,
          minmay_misc_feat_nine_boxes, dpeg_stationary_puzzle, uniq_aizul
Lab:      labyrinth_spiral
IceCv:    ice_cave_caverns_02
WizLab:   wizlab_lehudib

Skill      XL: |  1  2  3  4  5  6  7  8  9 10 11 12 13 14 15 16 17 18 19 |
---------------+----------------------------------------------------------+-----
Stealth        | 1 2 3 4 6 7 11 12 13 15 16 17 | 17.5
Dodging        | 3 4 6 7 11 10 12 13 14 15 16 | 16.9
Fighting       | 2 3 4 5 6 9 8 10 11 12 13 | 13.2
Transmutations | 3 4 5 6 7 11 12 14 15 | 15.7
Spellcasting   | 3 4 5 6 8 10 11 12 13 14 | 14.2
Unarmed Combat | 4 5 9 8 10 11 12 13 | 13.6
Hexes          | 5 9 7 |  9.2
Ice Magic      | 3 4 5 6 |  6.0
Earth Magic    | 7 9 10 11 12 | 12.4
Invocations    | 6 10 | 10.8

Action                   |  1- 3 |  4- 6 |  7- 9 | 10-12 | 13-15 | 16-18 | 19-21 || total
-------------------------+-------+-------+-------+-------+-------+-------+-------++-------
Melee: Unarmed           |   117 |   323 |   635 |   904 |  1173 |  1457 |   614 ||  5223
       Bite              |     8 |    28 |    41 |    72 |   153 |   186 |    72 ||   560
       Punch             |       |     4 |    13 |    30 |    52 |    87 |    65 ||   251
 Cast: Spider Form       |     1 |       |       |       |       |       |       ||     1
       Sticks to Snakes  |       |    20 |    30 |       |       |    11 |    18 ||    79
       Ensorcelled Hiber |       |       |    44 |   204 |    36 |    38 |       ||   322
       Confuse           |       |       |    12 |   130 |    38 |    38 |     3 ||   221
       Ice Form          |       |       |     6 |    18 |       |       |       ||    24
       Tukima's Dance    |       |       |       |     3 |    17 |    48 |       ||    68
       Statue Form       |       |       |       |     8 |    79 |   134 |    67 ||   288
       Blink             |       |       |       |       |       |       |     4 ||     4
       Invisibility      |       |       |       |       |       |       |     1 ||     1
 Abil: End Transformatio |       |       |       |     4 |     1 |    13 |     6 ||    24
       Evoke Flight      |       |       |       |       |       |    15 |       ||    15
Evoke: Wand              |       |       |     2 |     4 |     4 |     9 |     4 ||    23
  Use: Potion            |       |     5 |     2 |    11 |    22 |     8 |     3 ||    51
       Scroll            |       |     5 |    13 |    20 |    12 |    16 |     8 ||    74
 Stab: Sleeping          |     3 |     7 |    42 |   144 |   105 |    47 |    34 ||   382
       Distracted        |       |     2 |     2 |     5 |     7 |    10 |     7 ||    33
       Confused          |       |       |     3 |    58 |    19 |    15 |       ||    95
       Paralysed         |       |       |       |     2 |       |       |       ||     2
       Invisible         |       |       |       |     2 |       |       |     2 ||     4
       Petrifying        |       |       |       |       |       |     1 |       ||     1
  Eat: Chunk             |    10 |    11 |    28 |    57 |    61 |    82 |    46 ||   295
       Meat ration       |       |       |       |       |       |     1 |       ||     1
Armor: Skin              |    11 |    17 |    58 |    92 |   245 |   457 |   181 ||  1061
Dodge: Dodged            |   115 |   281 |   582 |  1133 |  2196 |  3270 |   987 ||  8564
Block: Other             |       |       |       |       |    47 |   169 |    48 ||   264
       Reflection        |       |       |       |       |     3 |    15 |     6 ||    24
